Map: 自動化 - 天梯版

Players

김클락

  • Race: Zerg Zerg
  • Spawn Location: 9:00

MannerMan - Winner!

  • Race: Protoss Protoss
  • Spawn Location: 3:00

VOD

Have the link to the VOD?

Description

Time

  • Played on: Nov. 29, 2018, 1:20 a.m.
  • Length: 8:37
Show
View Real Time Build Order
Export as new Build Order

김클락 Zerg 

Build Orders: Hatch First 

Get SALT Encoding   

  12  0:05  Drone  
  13  0:16  Overlord  
  13  0:18  Drone  
  14  0:34  Drone x2  
  16  0:38  Drone  
  17  0:56  Hatchery  
  16  0:59  Drone  
  17  1:04  Drone  
  18  1:15  Extractor  
  17  1:20  Spawning Pool  
  17  1:24  Drone  
  17  1:28  Drone  
  18  1:33  Drone  
  19  1:42  Overlord  
  19  2:07  Queen  
  22  2:08  Zergling x4  
  22  2:09  Queen  
  22  2:11  Drone  
  26  2:16  Metabolic Boost  
  26  2:20  Drone  
  27  2:24  Zergling x2  
  27  2:27  Zergling x2  
  29  2:34  Drone  
  29  2:37  Overlord  
  30  2:45  Drone  
  30  2:49  Drone  
  32  2:51  Drone  
  33  2:58  Pneumatized Carapace  
  33  3:00  Drone  
  33  3:02  Drone  
  35  3:10  Drone  
  36  3:14  Drone  
  36  3:17  Drone x5  
  36  3:19  Drone  
  43  3:23  Drone  
  44  3:38  Hatchery  
  43  3:43  Drone  
  43  3:45  Roach Warren  
  43  4:04  Overlord  
  43  4:05  Overlord  
  43  4:06  Overlord  
  43  4:07  Overlord  
  43  4:17  Extractor x2  
  42  4:22  Queen x2  
  42  4:23  Drone x3  
  49  4:24  Drone x3  
  51  4:31  Zergling x4  
  51  4:32  Zergling x4  
  51  4:33  Evolution Chamber  
  51  4:35  Zergling x2  
  55  4:48  Drone  
  55  4:50  Drone x2  
  55  4:51  Queen  
  60  4:58  Roach x2  
  60  4:59  Roach  
  66  5:02  Roach  
  66  5:04  Roach  
  70  5:08  Queen  
  70  5:10  Lair  
  70  5:11  Zerg Missile Weapons Level 1  
  72  5:19  Drone x2  
  74  5:23  Spore Crawler  
  74  5:27  Drone  
  74  5:29  Overlord x2  
  74  5:48  Drone x10  
  74  5:49  Drone x2  
  86  5:53  Queen  
  88  6:02  Drone x2  
  88  6:03  Spore Crawler  
  88  6:04  Drone  
  90  6:05  Extractor  
  90  6:06  Overlord, Extractor  
  90  6:07  Overlord  
  90  6:10  Overlord  
  88  6:12  Overlord  
  88  6:23  Glial Reconstitution  
  88  6:24  Hydralisk Den  
  87  6:34  Overlord  
  87  6:35  Overseer  
  88  6:40  Drone x6  
  88  6:43  Overlord  
  88  6:46  Overlord  
  93  6:49  Overlord  
  93  6:52  Drone x2  
  93  6:53  Drone x2  
  97  7:02  Hatchery  
  97  7:05  Muscular Augments  
  97  7:07  Overlord, Lurker Den  
  94  7:08  Overlord  
  94  7:11  Overseer  
  94  7:14  Overseer  
  94  7:20  Hydralisk x6  
  105  7:32  Roach x3  
  105  7:33  Roach x2  
  105  7:35  Roach  
  105  7:37  Roach x2  
  118  7:39  Roach  
  118  7:42  Roach  
  124  7:44  Overseer  
  124  7:46  Roach  
  124  7:47  Roach  
  124  7:48  Roach  
  124  7:51  Roach x2  
  134  7:53  Roach  
  136  8:04  Roach x2  
  127  8:05  Roach  
  127  8:07  Roach  
  127  8:08  Roach x2  
  127  8:09  Roach  
  126  8:13  Roach  
  126  8:14  Roach x2  
  126  8:15  Roach  
  126  8:16  Roach  
Show
View Real Time Build Order
Export as new Build Order

MannerMan Protoss - Winner!

Build Orders: 1 Gate Expand 

Get SALT Encoding   

  12  0:00  Probe  
  13  0:13  Probe  
  14  0:23  Pylon  
  14  0:25  Probe  
  15  0:37  Probe  
  16  0:43  Gateway  
  16  0:45  Probe  
  17  0:50  Assimilator  
  17  0:56  Probe  
  18  1:08  Probe  
  19  1:20  Probe  
  20  1:28  Nexus  
  20  1:38  Cybernetics Core  
  20  1:41  Probe  
  21  1:52  Assimilator  
  21  1:53  Probe  
  22  1:59  Pylon  
  22  2:05  Probe  
  22  2:07  Stalker  
  23  2:17  Probe  
  23  2:18  Warp Gate  
  26  2:29  Probe  
  27  2:37  Adept  
  27  2:38  Probe  
  27  2:42  Probe  
  31  2:46  Probe  
  32  2:53  Gateway  
  32  2:54  Probe  
  32  2:55  Probe  
  34  3:06  Probe x2  
  34  3:07  Twilight Council  
  36  3:18  Probe  
  36  3:19  Robotics Facility  
  37  3:22  Probe  
  37  3:26  Pylon  
  38  3:30  Probe  
  38  3:32  Sentry  
  41  3:34  Probe  
  42  3:43  Probe  
  42  3:47  Gateway  
  43  3:50  Gateway  
  43  3:52  Forge  
  43  3:54  Probe, Charge  
  44  4:02  Pylon  
  44  4:05  Protoss Ground Weapons Level 1  
  44  4:13  Warp Prism  
  44  4:18  Probe  
  44  4:21  Adept x2  
  49  4:28  Probe  
  52  4:38  Nexus  
  52  4:41  Pylon  
  52  4:43  Observer  
  52  4:51  Pylon  
  53  4:55  Probe  
  54  5:09  Pylon, Zealot x4  
  62  5:21  Protoss Ground Weapons Level 2  
  62  5:36  Probe x2  
  64  5:45  Immortal  
  64  5:48  Probe x2  
  70  5:52  Gateway  
  70  5:53  Gateway  
  70  5:54  Gateway  
  70  5:56  Gateway  
  70  5:58  Sentry x3  
  70  6:01  Gateway  
  76  6:04  Pylon  
  76  6:06  Probe x2  
  78  6:12  Shield Battery  
  78  6:20  Probe x3  
  78  6:23  Pylon  
  78  6:25  Immortal  
  85  6:32  Probe  
  86  6:35  Probe  
  86  6:36  Probe  
  88  6:49  Zealot x4  
  88  6:50  Zealot x2  
  88  6:53  Pylon  
  100  6:54  Sentry  
  100  7:00  Pylon  
  101  7:05  Sentry  
  101  7:06  Zealot  
  101  7:08  Immortal  
  109  7:12  Zealot x2  
  109  7:13  Zealot x4  
  121  7:20  Pylon x2  
  121  7:23  Pylon  
  121  7:26  Zealot  
  121  7:42  Zealot x4  
  121  7:43  Zealot x2  
  133  7:45  Zealot  
  133  7:46  Zealot  
  133  8:07  Zealot  
  133  8:08  Zealot x3  
  135  8:16  Zealot x3  
  135  8:17  Zealot x2  
  121  8:32  Zealot  
  121  8:33  Zealot x3  
Tags
 
Add a new tag
Caveats
  • Supply blocks, unpowered buildings, or Contaminate may cause inaccurate times.
  • Supply counts are checked every 10 seconds.